 Dungeon Crawl Stone Soup version 0.31-a0-1178-gc5c9b8f871 (webtiles) character file.

Game seed: 11681205142207937020

183 grandjackal the Chopper (level 5, 0/42 HPs)
             Began as a Demonspawn Gladiator on Dec 11, 2023.
             Was an Initiate of Trog.
             Killed from afar by Blork the orc (5 damage)
             ... with a magic dart
             ... on level 4 of the Dungeon.
             The game lasted 00:03:30 (2535 turns).

grandjackal the Chopper (Demonspawn Gladiator)      Turns: 2535, Time: 00:03:31

Health: 0/42       AC:  7    Str: 16    XL:     5   Next: 35%
Magic:  5/5        EV: 11    Int: 14    God:    Trog [......]
Gold:   128        SH:  0    Dex: 15    Spells: 4/4 levels left

rFire   + . .        a - +0 war axe
rCold   + . .        (no shield)
rNeg    . . .        p - +0 ring mail
rPois   .            (helmet restricted)
rElec   .            h - scarf {rC+ rF+}
rCorr   .            (no gloves)
SInv    .            (no boots)
Will    .....        r - amulet of magic regeneration
Stlth   +            f - +6 ring of intelligence
HPRegen 1.27/turn    (no ring)
MPRegen 0.49/turn

%: no passive effects
@: no status effects
A: antennae 2, icy blue scales 1, powered by death 1
a: Renounce Religion


You were on level 4 of the Dungeon.
You worshipped Trog.
Trog was noncommittal.
You visited 1 branch of the dungeon, and saw 4 of its levels.

You collected 128 gold pieces.

Inventory:

Hand Weapons
 a - a +0 war axe (weapon)
Missiles
 d - 3 throwing nets (quivered)
 e - a javelin
Armour
 c - a +0 helmet
 h - a scarf of resistance (worn)
 j - a +0 chain mail
 p - a +0 ring mail (worn)
Jewellery
 f - a +6 ring of intelligence (left hand)
 r - an amulet of magic regeneration (around neck)
Wands
 m - a wand of paralysis (4)
 s - a wand of light (13)
Scrolls
 g - a scroll of fear {unknown}
 l - 6 scrolls of identify {unknown}
 o - a scroll of fog {unknown}
 q - a scroll of enchant armour {unknown}
 t - a scroll of teleportation {unknown}
 u - a scroll of amnesia {unknown}
 w - 3 scrolls of torment {unknown}
Potions
 b - a potion of magic {unknown}
 i - 2 potions of brilliance {unknown}
 k - a potion of heal wounds {unknown}
 n - 2 potions of curing {unknown}
 v - 2 potions of degeneration {unknown}


   Skills:
 + Level 4.0 Fighting
 + Level 4.1 Axes
 - Level 2.0 Throwing
 - Level 3.0 Dodging


You had 4 spell levels left.
You didn't know any spells.
Your spell library contained the following spells:

 Spells                   Type           Power      Damage    Failure   Level
 Kiss of Death            Conj/Necr      0%         2d5       50%         1
 Confusing Touch          Hex            0%         N/A       86%         3
 Frozen Ramparts          Ice            0%         1d1       86%         3
 Dispel Undead            Necr           0%         3d6       99%         4
 Petrify                  Tmut/Erth      0%         N/A       99%         4
 Metabolic Englaciation   Hex/Ice        0%         N/A       100%        5


Dungeon Overview and Level Annotations

Branches:
Dungeon (4/15)
 Temple: D:4-7

Altars:
Trog

Shops:
D:2 (

Annotations:
D:4 Blork the orc


Innate Abilities, Weirdness & Mutations

You have a pair of antennae on your head.
You are partially covered in icy blue scales. (AC +2)
You regenerate a little health from kills.


Message History

You closely miss Blork the orc.
Blork the orc is heavily wounded.
You hit the iguana. The iguana closely misses you.
Blork the orc hits you with a +0 hand axe.
You completely miss Blork the orc.
Blork the orc is heavily wounded.
You barely miss the orc. You barely miss the endoplasm.
You barely miss the iguana. The iguana bites you!
Blork the orc barely misses you. The orc closely misses you.
The endoplasm closely misses you.
Unknown command.
You are too injured to fight recklessly!
Unknown command.
You hit the iguana but do no damage.
The iguana is moderately wounded.
You hit Blork the orc but do no damage. You hit the orc but do no damage.
You barely miss the endoplasm.
The iguana hisses menacingly.
The iguana bites you but does no damage.
The orc barely misses you.
Blork the orc casts a cantrip, but nothing happens.
The endoplasm hits you but does no damage.
The endoplasm freezes you.
You are frozen.
You resist. The orc barely misses you.
Blork the orc hits you with a +0 hand axe!
* * * LOW HITPOINT WARNING * * *
The iguana bites you.
* * * LOW HITPOINT WARNING * * *
You hit the iguana but do no damage.
The iguana is moderately wounded.
You slash the hobgoblin!
You kill the hobgoblin!
Trog accepts your kill.
You barely miss Blork the orc. You hit the orc but do no damage.
You hit the endoplasm.
The iguana bites you but does no damage.
The orc hits you but does no damage. Blork the orc casts a spell at you.
The magic dart hits you.
You die...

#....###.##......###
#..#.#.............#
... ...#..#......###
# ..
...#.##......#.. #
...##............
#.#. ##..<........
#............
#.....o......
....###@J...... .#.#
#.ol...... ...
...>.......
###.##.....?... #
##..[..... #........
......... .........


You could see Blork the orc, an iguana, an orc and an endoplasm.

Vanquished Creatures
  A hound (D:4)
  Crazy Yiuf (D:2)
  Jessica (D:3)
  3 adders
  2 dart slugs
  5 orcs (D:3)
  2 ball pythons
  4 bats
  2 endoplasms
  4 giant cockroaches
  5 goblins
  7 hobgoblins
  4 jackals (D:3)
  6 kobolds
  2 quokkas (D:1)
  4 frilled lizards
  4 rats
57 creatures vanquished.

Notes
Turn   | Place    | Note
-------+----------+-------------------------------------------
     0 | D:1      | grandjackal the Demonspawn Gladiator began the quest for
                  | the Orb.
     0 | D:1      | Reached XP level 1. HP: 16/16 MP: 1/1
   101 | D:1      | Gained mutation: You have a pair of small antennae on your
                  | head. [demonic ancestry]
   101 | D:1      | Reached XP level 2. HP: 21/22 MP: 2/2
   623 | D:2      | Found a runed translucent door.
   624 | D:2      | Noticed Crazy Yiuf
   699 | D:2      | Found Tucoiqi's Antique Weapon Emporium.
   863 | D:2      | Gained mutation: You regenerate a little health from kills.
                  | [demonic ancestry]
   863 | D:2      | Reached XP level 3. HP: 28/28 MP: 3/3
  1091 | D:2      | Found a faded altar of an unknown god.
  1283 | D:2      | Killed Crazy Yiuf
  1284 | D:2      | Gained mutation: You are partially covered in icy blue
                  | scales. (AC +2) [demonic ancestry]
  1284 | D:2      | Reached XP level 4. HP: 9/35 MP: 1/4
  1908 | D:3      | Found a bloodstained altar of Trog.
  1922 | D:3      | Noticed Jessica
  1926 | D:3      | Killed Jessica
  1932 | D:3      | Became a worshipper of Trog the Wrathful
  2224 | D:3      | Gained mutation: You have a pair of antennae on your head.
                  | [demonic ancestry]
  2224 | D:3      | Reached XP level 5. HP: 42/42 MP: 5/5
  2524 | D:4      | Noticed Blork the orc
  2535 | D:4      | Killed from afar by Blork the orc

Illustrated notes

Levels and vault maps discovered:
D:1:      minmay_arrival_radiant_lines, layout_rooms, minmay_misc_feat_room,
          patterned_corridor
D:2:      layout_basic, shapermc_ecumenical_altar_ellora, serial_shops,
          nicolae_shop_back_alley_shop, uniq_crazy_yiuf_cottage
D:3:      layout_loops_corners, trog_three_pillars_becter, uniq_jessica
D:4:      layout_cave_pools, uniq_blork_the_orc

Skill      XL: |  1  2  3  4  5 |
---------------+----------------+-----
Throwing       | 2 |  2.0
Axes           | 3 4 |  4.1
Dodging        | 3 |  3.0
Fighting       | 3 4 |  4.0

Action                     |  1- 3 |  4- 6 || total
---------------------------+-------+-------++-------
  Melee: War axe           |    89 |    87 ||   176
         Punch             |       |     2 ||     2
   Stab: Sleeping          |     3 |       ||     3
 Armour: Leather armour    |    55 |    22 ||    77
         Ring mail         |       |    56 ||    56
  Dodge: Dodged            |    67 |    62 ||   129

Table legend: (Time is in decaauts)
 A = Elapsed time spent in this place.
 B = Non-inter-level travel time spent in this place.
 C = Inter-level travel time spent in this place.
 D = Time resting spent in this place.
 E = Time spent auto-exploring this place.
 F = Levels seen in this place.
 G = Mean time per level.
                   A        B        C        D        E       F      G
               +--------+--------+--------+--------+--------+-----+--------+
         Total |   2592 |   2502 |     90 |    173 |   1817 |   4 |  648.0 |
       Dungeon |   2592 |   2502 |     90 |    173 |   1817 |   4 |  648.0 |
               +--------+--------+--------+--------+--------+-----+--------+

Top non-repeatable levels by time:
     D:3: 987 daAuts
     D:2: 836 daAuts
     D:1: 618 daAuts
     D:4: 149 daAuts
